 Dungeon Crawl Stone Soup version 0.27.1-4-g1640c2035a (webtiles) character file.

Game seed: 7872213975367386484

46 Stomo444 the Skirmisher (level 3, -1/29 HPs)
             Began as a Demonspawn Monk on Nov 9, 2021.
             Succumbed to an adder's poison
             ... on level 2 of the Dungeon.
             The game lasted 00:01:17 (1325 turns).

Stomo444 the Skirmisher (Demonspawn Monk)           Turns: 1325, Time: 00:01:17

Health: -1/29      AC:  3    Str: 12    XL:     3   Next: 46%
Magic:  3/3        EV: 13    Int: 11    God:
Gold:   54         SH:  0    Dex: 15    Spells: 2/2 levels left

rFire    . . .     SeeInvis .   a - +0 mace
rCold    . . .     Faith    .   (no shield)
rNeg     . . .     Spirit   .   b - +0 robe
rPois    .         Reflect  .   (no helmet)
rElec    .         Harm     .   (no cloak)
rCorr    .         Rampage  .   d - +0 pair of gloves
Will     .....                  (no boots)
Stlth    ++........             (no amulet)
HPRegen  0.09/turn              (no ring)
MPRegen  0.08/turn              (no ring)

@: lethally poisoned (-1 -> -5), attractive
A: claws 1
a: no special abilities


You were on level 2 of the Dungeon.
You visited 1 branch of the dungeon, and saw 2 of its levels.

You collected 54 gold pieces.

Inventory:

Hand Weapons
 a - a +0 mace (weapon)
Armour
 b - a +0 robe (worn)
 d - a +0 pair of gloves (worn)
Jewellery
 f - a ring of protection from fire
Scrolls
 c - a scroll of fog {unknown}
 g - a scroll of silence {unknown}
 h - a scroll of identify {unknown}


   Skills:
 + Level 3.4 Fighting
 * Level 3.3 Maces & Flails
 + Level 3.1 Dodging
 - Level 1.7 Stealth


You had 2 spell levels left.
You didn't know any spells.
Your spell library contained the following spells:

 Spells                   Type           Power      Damage    Failure   Level
 Sandblast                Erth           0%         2d4       34%         1
 Passwall                 Tmut/Erth      0%         N/A       47%         2
 Ozocubu's Armour         Ice            0%         N/A       71%         3
 Lee's Rapid Deconstruct  Erth           0%         3d5*      100%        5
 Metabolic Englaciation   Hex/Ice        0%         N/A       100%        5
 Simulacrum               Ice/Necr       0%         N/A       100%        6


Dungeon Overview and Level Annotations

Branches:
Dungeon (2/15)

Altars:


Innate Abilities, Weirdness & Mutations

You have sharp fingernails.


Message History

The adder is heavily wounded.
The adder bites you.
You completely miss the adder.
The adder is heavily wounded.
The adder completely misses you. The adder bites you.
You hit the adder.
The adder is severely wounded.
The adder barely misses you. The adder bites you.
You are poisoned.
The adder poisons you!
You closely miss the adder.
The adder is severely wounded.
You feel very sick. The adder misses you.
You hit the adder but do no damage.
The adder is severely wounded.
You feel sick. The adder bites you. The adder closely misses you.
You are too injured to fight recklessly!
You hit the adder.
The adder is almost dead.
You feel sick. The adder bites you. The adder bites you but does no damage.
You barely miss the adder.
The adder is almost dead.
You feel sick. The adder bites you.
* * * LOW HITPOINT WARNING * * *
You miss the adder.
The adder is almost dead.
You feel sick.
You are no longer poisoned.
The adder bites you but does no damage. The adder bites you.
* * * LOW HITPOINT WARNING * * *
You are lethally poisoned!
The adder poisons you!
It was a potion of attraction.
You feel attractive to monsters.
* * * LOW HITPOINT WARNING * * *
You feel sick. The adder barely misses you.
You hit the adder.
You kill the adder!
You die...

.#.# ###. #. .#.# #.
#.##.#.# #. #.#..#.#
#########. #.#.##.#
#.......#. ##.#.##.#
#.####..#.
####.......###.###...#.
+...........)..........
####..@.######.##......
##.#.# #.......## ###.#
####.#### ..# #.# ###
#.# ## #.# #. #.# #.
#.####. #......


There were no monsters in sight!

Vanquished Creatures
  Jessica (D:2)
  An adder (D:2)
  3 endoplasms
  3 goblins
  2 hobgoblins (D:1)
  4 ball pythons (D:1)
  2 bats (D:1)
  2 frilled lizards
  2 kobolds
  2 rats (D:1)
22 creatures vanquished.

Notes
Turn   | Place    | Note
-------+----------+-------------------------------------------
     0 | D:1      | Stomo444 the Demonspawn Monk began the quest for the Orb.
     0 | D:1      | Reached XP level 1. HP: 18/18 MP: 1/1
   516 | D:1      | Found a faded altar of an unknown god.
   558 | D:1      | Gained mutation: You have sharp fingernails. [demonic
                  | ancestry]
   558 | D:1      | Reached XP level 2. HP: 24/24 MP: 2/2
  1120 | D:2      | Noticed Jessica
  1130 | D:2      | Killed Jessica
  1131 | D:2      | Reached XP level 3. HP: 24/29 MP: 3/3
  1324 | D:2      | HP: 1/29 [poisoned by an adder]
  1325 | D:2      | Succumbed to an adder's poison

Illustrated notes

Levels and vault maps discovered:
D:1:      heliophobic_arrival_enchanted_forest, layout_basic,
          shapermc_ecumenical_altar_mp_ritualfount,
          chequers_serial_rivers_room_b
D:2:      layout_loops_corners, uniq_natasha, uniq_jessica

Skill      XL: |  1  2 |
---------------+-------+-----
Maces & Flails | 3 |  3.3
Dodging        | 3 |  3.1
Fighting       | |  3.4
Stealth        | |  1.7

Action                   || total
-------------------------++-------
Melee: Mace              ||    66
  Use: Potion            ||     1
 Stab: Sleeping          ||     3
Armor: Robe              ||    22
Dodge: Dodged            ||    72
